 Dungeon Crawl Stone Soup version 0.28.0-45-g0d030f2227 (webtiles) character file.

Game seed: 15872703219698111467

2268 Andrea the Thaumaturge (level 9, -5/68 HPs)
             Began as a Gnoll Hedge Wizard on Apr 6, 2022.
             Was an Initiate of Cheibriados.
             Slain by Duvessa
             ... wielding a +0 rapier
              (11 damage)
             ... on level 4 of the Dungeon.
             The game lasted 00:13:48 (6488 turns).

Andrea the Thaumaturge (Gnoll Hedge Wizard)         Turns: 6488, Time: 00:13:48

Health: -5/68      AC:  2    Str: 16    XL:     9   Next: 38%
Magic:  9/22       EV: 14    Int: 14    God:    Cheibriados [......]
Gold:   178        SH:  0    Dex: 12    Spells: 15/26 levels left

rFire   . . .      SeeInvis .   f - +1 dagger (venom)
rCold   . . .      Faith    .   (no shield)
rNeg    . . .      Spirit   .   b - +0 robe
rPois   .          Reflect  .   c - +0 hat
rElec   .          Harm     .   (no cloak)
rCorr   .          Rampage  .   (no gloves)
Will    .....                   (no boots)
Stlth   +++.......              (no amulet)
HPRegen 0.21/turn               (no ring)
MPRegen 0.18/turn               (no ring)

@: brilliant, on blink cooldown, very slow
A: fangs 1, strong nose, distributed training
a: Renounce Religion


You were on level 4 of the Dungeon.
You worshipped Cheibriados.
Cheibriados was noncommittal.
You visited 2 branches of the dungeon, and saw 6 of its levels.

You collected 178 gold pieces.

Inventory:

Hand Weapons
 f - a +1 dagger of venom (weapon)
Armour
 b - a +0 robe (worn)
 c - a +0 hat (worn)
 i - the +1 robe of Fiadumy {Rampage rF++ Will- Dex+8}
   (You found it on level 2 of the Dungeon)

   Dex:       It affects your dexterity (+8).
   rF:        It greatly protects you from fire.
   Rampage:   It bestows one free step when moving towards enemies.
   Will:      It decreases your willpower.
   Cheibriados disapproves of the use of such an item.
 k - the +2 ring mail of Neudoil {Will+ Str+4}
   (You found it on level 2 of the Dungeon)

   Str:       It affects your strength (+4).
   Will:      It increases your willpower.
Magical Staves
 s - a staff of poison
Wands
 o - a wand of iceblast (4)
 r - a wand of flame (12)
Scrolls
 d - 2 scrolls of enchant weapon {unknown}
 j - a scroll of enchant armour {unknown}
 n - a scroll of blinking {unknown}
 p - a scroll of teleportation {unknown}
Potions
 a - a potion of ambrosia
 g - a potion of curing {unknown}
 h - a potion of brilliance
 l - a potion of mutation {unknown}
 m - a potion of degeneration {unknown}
 q - a potion of magic {unknown}


   Skills:
 + Level 5.4 Fighting
 + Level 5.4 Short Blades
 + Level 5.4 Long Blades
 + Level 5.4 Axes
 + Level 5.4 Maces & Flails
 + Level 5.4 Polearms
 + Level 5.4 Staves
 + Level 5.4 Slings
 + Level 5.4 Bows
 + Level 5.4 Crossbows
 + Level 5.4 Throwing
 + Level 5.4 Armour
 + Level 7.2 Dodging
 + Level 7.0 Stealth
 + Level 5.4 Shields
 + Level 5.4 Unarmed Combat
 + Level 9.1 Spellcasting
 + Level 5.0 Conjurations
 + Level 4.5 Hexes
 + Level 5.0 Summonings
 + Level 4.5 Necromancy
 + Level 5.0 Translocations
 + Level 4.5 Transmutations
 + Level 4.5 Fire Magic
 + Level 4.5 Ice Magic
 + Level 4.5 Air Magic
 + Level 4.5 Earth Magic
 + Level 4.5 Poison Magic
 + Level 6.0 Invocations
 + Level 5.4 Evocations


You had 15 spell levels left.
You knew the following spells:

 Your Spells              Type           Power      Damage    Failure   Level
a - Magic Dart            Conj           100%       1d8       1%          1
b - Call Imp              Summ           30%        N/A       2%          2
c - Mephitic Cloud        Conj/Pois/Air  29%        N/A       4%          3
d - Conjure Flame         Conj/Fire      29%        6-21      4%          3
e - Blink                 Tloc           60%        N/A       2%          2

Your spell library contained the following spells:

 Spells                   Type           Power      Damage    Failure   Level
 Slow                     Hex            100%       N/A       1%          1


Dungeon Overview and Level Annotations

Branches:
Dungeon (5/15)             Temple (1/1) D:4

Altars:
Cheibriados
Dithmenos
Elyvilon
Fedhas
Gozag
Hepliaklqana
Kikubaaqudgha
Makhleb
Nemelex Xobeh
Okawaru
Qazlal
Ru
Sif Muna
Trog
Uskayaw
Vehumet
Wu Jian
Yredelemnul
Zin
The Shining One

Annotations:
D:4 Duvessa


Innate Abilities, Weirdness & Mutations

You have very sharp teeth.
Your uncanny sense of smell can sniff out nearby items.
Your experience applies equally to all skills.


Message History

Okay, then.
It was a potion of experience.
You feel more experienced!
Your Fighting skill gained 2 levels and is now at level 5!
Your Short Blades skill gained 2 levels and is now at level 5!
Your Long Blades skill gained 2 levels and is now at level 5!
Your Axes skill gained 2 levels and is now at level 5!
Your Maces & Flails skill gained 2 levels and is now at level 5!
Your Polearms skill gained 2 levels and is now at level 5!
Your Staves skill gained 2 levels and is now at level 5!
Your Slings skill gained 2 levels and is now at level 5!
Your Bows skill gained 2 levels and is now at level 5!
Your Crossbows skill gained 2 levels and is now at level 5!
Your Throwing skill gained 2 levels and is now at level 5!
Your Armour skill gained 2 levels and is now at level 5!
Your Dodging skill gained 2 levels and is now at level 7!
Your Stealth skill gained 2 levels and is now at level 7!
Your Shields skill gained 2 levels and is now at level 5!
Your Unarmed Combat skill gained 2 levels and is now at level 5!
Your Spellcasting skill gained 2 levels and is now at level 9!
Your Conjurations skill gained 2 levels and is now at level 5!
Your Hexes skill gained 2 levels and is now at level 4!
Your Summonings skill gained 2 levels and is now at level 5!
Your Necromancy skill gained 2 levels and is now at level 4!
Your Translocations skill gained 2 levels and is now at level 5!
Your Transmutations skill gained 2 levels and is now at level 4!
Your Fire Magic skill gained 2 levels and is now at level 4!
Your Ice Magic skill gained 2 levels and is now at level 4!
Your Air Magic skill gained 2 levels and is now at level 4!
Your Earth Magic skill gained 2 levels and is now at level 4!
Your Poison Magic skill gained 2 levels and is now at level 4!
Your Invocations skill gained 3 levels and is now at level 6!
Your Evocations skill gained 2 levels and is now at level 5!
You have reached level 9!
Your experience leads to an increase in your attributes!
Your base attributes are Str 13, Int 13, Dex 11.
Increase (S)trength, (I)ntelligence, or (D)exterity?
You feel stronger. x2
Duvessa hits you with a +0 rapier!
You die...

##.##.####...##.........##.......
.....>...†.....<.......###.#.####
#..#..#.##...#####...##.##..## #
..###.....P.######...###....#
#..#.......P...§.....# ##.#.####
##........♣...§.##.).# #..#....#
##.#.......###.##...# #.#####.##
##..........###e##...# #.# ##...#
#..#..###.......@....###.###.....
..###.# #...###...>....(.........
#..#..###...######.#.##..###.....
#....................##.## ##...#
#.....#####.######.###..# ##.##
####### #........###.## #.#
#######..##..# #.# #..##.## #.#
#..#..########.#


You could see Duvessa (berserk).

Vanquished Creatures
  Pikel (D:4)
  Grinder (D:4)
  Edmund (D:4)
  4 lemures (D:4)
  Dowan (D:5)
  2 hounds (D:4)
  A bullfrog skeleton (D:3)
  An iguana (D:4)
  A centaur skeleton (D:4)
  Natasha (thrice) (D:3)
  A hound skeleton (D:4)
  6 adders
  A worm (D:3)
  2 dart slugs
  4 orcs (D:4)
  8 ball pythons
  6 endoplasms
  5 giant cockroaches
  11 goblins
  7 hobgoblins
  4 jackals (D:4)
  6 quokkas
  6 bats
  3 frilled lizards (D:1)
  6 kobolds
  3 rats
95 creatures vanquished.

Vanquished Creatures (others)
  9 plants (D:4)
9 creatures vanquished.

Grand Total: 104 creatures vanquished

Notes
Turn   | Place    | Note
-------+----------+-------------------------------------------
     0 | D:1      | Andrea the Gnoll Hedge Wizard began the quest for the Orb.
     0 | D:1      | Reached XP level 1. HP: 13/13 MP: 8/8
   360 | D:1      | Reached XP level 2. HP: 19/19 MP: 6/10
   371 | D:1      | Learned a level 2 spell: Call Imp
   846 | D:1      | Reached XP level 3. HP: 25/25 MP: 7/11
  1633 | D:2      | Reached skill level 1 in Invocations
  1832 | D:2      | Identified the +1 robe of Fiadumy {Rampage rF++ Will-
                  | Dex+8}
  1973 | D:2      | Identified the +2 ring mail of Neudoil {Will+ Str+4}
  2097 | D:2      | Reached skill level 1 in Fighting
  2097 | D:2      | Reached skill level 1 in Short Blades
  2097 | D:2      | Reached skill level 1 in Long Blades
  2097 | D:2      | Reached skill level 1 in Axes
  2097 | D:2      | Reached skill level 1 in Maces & Flails
  2097 | D:2      | Reached skill level 1 in Polearms
  2097 | D:2      | Reached skill level 1 in Staves
  2097 | D:2      | Reached skill level 1 in Slings
  2097 | D:2      | Reached skill level 1 in Bows
  2097 | D:2      | Reached skill level 1 in Crossbows
  2097 | D:2      | Reached skill level 1 in Throwing
  2097 | D:2      | Reached skill level 1 in Armour
  2097 | D:2      | Reached skill level 1 in Shields
  2097 | D:2      | Reached skill level 1 in Unarmed Combat
  2097 | D:2      | Reached skill level 1 in Evocations
  2101 | D:2      | Learned a level 3 spell: Mephitic Cloud
  2105 | D:2      | Learned a level 3 spell: Conjure Flame
  2108 | D:2      | Learned a level 2 spell: Blink
  2204 | D:2      | Reached XP level 4. HP: 23/32 MP: 2/13
  2312 | D:2      | Found a faded altar of an unknown god.
  3115 | D:3      | Reached skill level 1 in Hexes
  3115 | D:3      | Reached skill level 1 in Necromancy
  3115 | D:3      | Reached skill level 1 in Transmutations
  3115 | D:3      | Reached skill level 1 in Fire Magic
  3115 | D:3      | Reached skill level 1 in Ice Magic
  3115 | D:3      | Reached skill level 1 in Air Magic
  3115 | D:3      | Reached skill level 1 in Earth Magic
  3115 | D:3      | Reached skill level 1 in Poison Magic
  3227 | D:3      | Reached XP level 5. HP: 37/37 MP: 14/14
  3629 | D:3      | Noticed Natasha
  3645 | D:3      | Killed Natasha
  3815 | D:3      | Noticed Natasha
  3824 | D:3      | Killed Natasha
  4263 | D:3      | Noticed Natasha
  4269 | D:3      | Killed Natasha
  4270 | D:3      | Reached XP level 6. HP: 44/44 MP: 9/16
  4594 | D:4      | Noticed Grinder
  4618 | D:4      | Paralysed by Grinder for 6 turns
  4795 | D:4      | Noticed Edmund
  4808 | D:4      | Killed Edmund
  4809 | D:4      | Reached skill level 5 in Dodging
  5137 | D:4      | Reached XP level 7. HP: 30/50 MP: 18/18
  5367 | D:4      | Noticed Pikel
  5419 | D:4      | Killed Pikel
  5420 | D:4      | Reached skill level 5 in Stealth
  5420 | D:4      | Reached XP level 8. HP: 29/57 MP: 5/19
  5425 | D:4      | Killed Grinder
  5593 | D:4      | Found a staircase to the Ecumenical Temple.
  5602 | Temple   | Entered the Ecumenical Temple
  5631 | Temple   | Became a worshipper of Cheibriados the Contemplative
  6474 | D:5      | Entered Level 5 of the Dungeon
  6474 | D:5      | Noticed Duvessa
  6474 | D:5      | Noticed Dowan
  6477 | D:5      | Killed Dowan
  6488 | D:4      | Reached skill level 5 in Fighting
  6488 | D:4      | Reached skill level 5 in Short Blades
  6488 | D:4      | Reached skill level 5 in Long Blades
  6488 | D:4      | Reached skill level 5 in Axes
  6488 | D:4      | Reached skill level 5 in Maces & Flails
  6488 | D:4      | Reached skill level 5 in Polearms
  6488 | D:4      | Reached skill level 5 in Staves
  6488 | D:4      | Reached skill level 5 in Slings
  6488 | D:4      | Reached skill level 5 in Bows
  6488 | D:4      | Reached skill level 5 in Crossbows
  6488 | D:4      | Reached skill level 5 in Throwing
  6488 | D:4      | Reached skill level 5 in Armour
  6488 | D:4      | Reached skill level 5 in Shields
  6488 | D:4      | Reached skill level 5 in Unarmed Combat
  6488 | D:4      | Reached skill level 9 in Spellcasting
  6488 | D:4      | Reached skill level 5 in Conjurations
  6488 | D:4      | Reached skill level 5 in Summonings
  6488 | D:4      | Reached skill level 5 in Translocations
  6488 | D:4      | Reached skill level 5 in Evocations
  6488 | D:4      | Reached XP level 9. HP: 6/68 MP: 9/22
  6488 | D:4      | Slain by Duvessa

Illustrated notes

Levels and vault maps discovered:
D:1:      elethiomel_arrival_infinity_welcomes_careful_drivers, layout_basic,
          nicolae_concentric_dashed_squares_wild, dk_noncrumbling_3
D:2:      layout_loops_cross, hellmonk_ecumenical_altar_arch_garden
D:3:      layout_loops_corners, roderic_roman_lattice, uniq_natasha
D:4:      layout_loops_ring, temple_statues, serial_forest,
          infiniplex_forest_clump_tiny, infiniplex_forest_clump_small,
          infiniplex_forest_diagonal, infiniplex_forest_clump_diagonal,
          infiniplex_forest_clump_diagonal, infiniplex_forest_corner_1,
          infiniplex_forest_lined_ring, minmay_strange_pillars,
          nicolae_concentric_dashed_squares_mild, uniq_pikel, uniq_grinder,
          uniq_edmund
D:5:      layout_loops_cross, chequers_serial_rivers_small_b,
          uniq_blork_the_orc, uniq_ijyb, uniq_duvessa
Temple:   mainiacjoe_temple_cubbyholes

Skill      XL: |  1  2  3  4  5  6  7  8 |
---------------+-------------------------+-----
Conjurations   | 2 3 5 |  5.0
Summonings     | 2 3 5 |  5.0
Translocations | 2 3 5 |  5.0
Invocations    | 1 2 3 6 |  6.0
Fighting       | 1 2 5 |  5.4
Short Blades   | 1 2 5 |  5.4
Long Blades    | 1 2 5 |  5.4
Axes           | 1 2 5 |  5.4
Maces & Flails | 1 2 5 |  5.4
Polearms       | 1 2 5 |  5.4
Staves         | 1 2 5 |  5.4
Slings         | 1 2 5 |  5.4
Bows           | 1 2 5 |  5.4
Crossbows      | 1 2 5 |  5.4
Throwing       | 1 2 5 |  5.4
Armour         | 1 2 5 |  5.4
Shields        | 1 2 5 |  5.4
Unarmed Combat | 1 2 5 |  5.4
Evocations     | 1 2 5 |  5.4
Hexes          | 1 2 4 |  4.5
Necromancy     | 1 2 4 |  4.5
Transmutations | 1 2 4 |  4.5
Fire Magic     | 1 2 4 |  4.5
Ice Magic      | 1 2 4 |  4.5
Air Magic      | 1 2 4 |  4.5
Earth Magic    | 1 2 4 |  4.5
Poison Magic   | 1 2 4 |  4.5
Dodging        | 5 7 |  7.2
Stealth        | 5 7 |  7.0
Spellcasting   | 9 |  9.1

Action                   |  1- 3 |  4- 6 |  7- 9 || total
-------------------------+-------+-------+-------++-------
Melee: Dagger            |     9 |    76 |    27 ||   112
       Bite              |       |    13 |     1 ||    14
       Punch             |       |     3 |       ||     3
 Cast: Magic Dart        |   112 |   126 |    21 ||   259
       Mephitic Cloud    |       |     4 |     3 ||     7
       Conjure Flame     |       |     3 |     5 ||     8
       Blink             |       |       |     2 ||     2
       Call Imp          |       |       |     1 ||     1
Evoke: Wand              |       |       |     5 ||     5
  Use: Potion            |       |     1 |     2 ||     3
 Stab: Sleeping          |       |     2 |     1 ||     3
       Confused          |       |     2 |       ||     2
Armor: Robe              |     2 |    10 |     4 ||    16
Dodge: Dodged            |    17 |    65 |    16 ||    98
